 Dungeon Crawl Stone Soup version 0.18-a0-1057-g88203af (console) character file.

31 FIQ the Skirmisher (level 3, -2/29 HPs)
             Began as a Mummy Chaos Knight on Jan 12, 2016.
             Slain by a spriggan (shapeshifter) (9 damage)
             ... summoned by Xom
             ... on level 1 of the Dungeon.
             The game lasted 00:03:35 (6132 turns).

FIQ the Skirmisher (Mummy Chaos Knight)             Turns: 6132, Time: 00:03:35

Health: -2/29      AC:  5    Str: 14 (15) XL:     3   Next: 7%
Magic:  3/3        EV: 11    Int: 11      God:    Xom [......]
Gold:   33         SH:  0    Dex: 11 (12) Spells: 0 memorised, 2 levels left

rFire  x . .     SeeInvis .     a - +0 mace (chaos)
rCold  + . .     Gourm    .     b - +2 leather armour
rNeg   + + +     Faith    .     (no shield)
rPois  ∞         Spirit   .     (no helmet)
rElec  .         Dismiss  .     (no cloak)
rCorr  .         Reflect  .     (no gloves)
SustAt .         Harm     .     (no boots)
MR     .....                    (no amulet)
Stlth  +.........               (no ring)
                                (no ring)

@: not resistant to hostile enchantments, very unstealthy
A: no food or potions, fire vulnerability, cold resistance 1, negative energy
resistance 3, torment resistance, unbreathing
a: Renounce Religion


You were on level 1 of the Dungeon.
You worshipped Xom.
You were a very special plaything of Xom.
You were not hungry.

You visited 1 branch of the dungeon, and saw 1 of its levels.

You collected 33 gold pieces.

Inventory:

Hand Weapons
 a - a +0 mace of chaos (weapon)
Armour
 b - a +2 leather armour (worn)
Scrolls
 c - 2 scrolls of identify {unknown}
 d - a scroll of noise {unknown}
 e - 2 scrolls of amnesia {unknown}
 f - a scroll of recharging {unknown}
 g - a scroll of enchant armour {unknown}
 h - a scroll of immolation {unknown}


   Skills:
 + Level 3.3 Fighting
 + Level 2.7 Maces & Flails
 + Level 2.0 Armour
 + Level 1.0 Dodging


You had 2 spell levels left.
You didn't know any spells.

Dungeon Overview and Level Annotations

Branches:
Dungeon (1/15)

Altars:


Innate Abilities, Weirdness & Mutations

You do not eat or drink.
Your flesh is vulnerable to fire.
You are immune to poison.
Your flesh is cold resistant.
You are immune to negative energy.
You are immune to unholy pain and torment.
You can survive without breathing.


Message History

You hit the hound.
There is a sudden explosion of sparks!
The hound is severely wounded.
The hound bites you but does no damage.
The blink frog blinks!
The hound bites you but does no damage.
You barely miss the hound.
The hound is severely wounded. "This might be better!"
The blink frog changes into a spriggan!
You are now a very special plaything of Xom.
The hound barely misses you. The hound bites you but does no damage.
You closely miss the hound.
The hound is severely wounded.
The hound bites you. The spriggan hits you! The hound bites you.
You barely miss the hound.
The hound is severely wounded.
The hound completely misses you. The spriggan hits you.
* * * LOW HITPOINT WARNING * * *
The hound barely misses you.
You are too injured to fight recklessly!
You closely miss the spriggan. The spriggan hits you!
You die...

..........(((........###
...###...............### ...#
########........###
...###########.......###
.......#######.......###
................>#######
.#.###.##......######### ###
.......##......#############.#
..%######...)...O#######.....#
.).(..###......#h#######.###.#
.#.##.###......#@#######.###.#
.#..#.###......#i#######...#.#
.##.#...).†.####.##..........#
....#####........##..........#
#.#..####..########..........#
.....####..########..........#
#.#..###...# #####..........#
......##.(## #...#..........#
#.#.).##.!.# #..............#
.......##..# #..............#
.....#.##..# #..............#


You could see an ogre, a spriggan shaped shifter and a hound.

Vanquished Creatures
  A giant gecko (D:1)
  11 bats (D:1)
  4 goblins (D:1)
  4 hobgoblins (D:1)
  A ball python (D:1)
  2 giant newts (D:1)
  4 kobolds (D:1)
  4 rats (D:1)
31 creatures vanquished.

Notes
Turn   | Place    | Note
--------------------------------------------------------------
     0 | D:1      | FIQ the Mummy Chaos Knight began the quest for the Orb.
     0 | D:1      | Reached XP level 1. HP: 18/18 MP: 1/1
   100 | D:1      | XOM: harmless Hex miscast
   147 | D:1      | Reached skill level 1 in Dodging
   168 | D:1      | Reached XP level 2. HP: 21/24 MP: 2/2
   197 | D:1      | XOM: potion effect (haste)
   208 | D:1      | XOM: harmless Divn miscast
   232 | D:1      | XOM: silly message
   711 | D:1      | XOM: summons 2 hostile shadow creatures
   812 | D:1      | XOM: harmless Divn miscast
  1156 | D:1      | XOM: silly message
  1430 | D:1      | XOM is BORED!
  1430 | D:1      | XOM: noise
  1607 | D:1      | XOM: mild Summ miscast
  2005 | D:1      | XOM: mild Summ miscast
  2596 | D:1      | XOM: medium Air miscast
  2741 | D:1      | XOM: silly message
  3059 | D:1      | XOM: mild Chrm miscast
  3152 | D:1      | XOM: 1-stop teleportation journey
  3212 | D:1      | XOM: medium Trmt miscast
  3314 | D:1      | XOM: noise
  3431 | D:1      | XOM: noise
  3661 | D:1      | XOM: harmless Hex miscast
  3956 | D:1      | XOM: colour smoke trail
  4029 | D:1      | Reached XP level 3. HP: 29/29 MP: 3/3
  4107 | D:1      | XOM: silly message
  4316 | D:1      | XOM: harmless Pois miscast
  4343 | D:1      | XOM: summons 1 hostile demon
  4349 | D:1      | XOM: smoke on damage
  4706 | D:1      | XOM: harmless Trmt miscast
  4806 | D:1      | XOM: stat loss: -1 Str (14/15)
  4836 | D:1      | XOM: stat loss: -1 Dex (11/12)
  5351 | D:1      | XOM: vitrification
  5600 | D:1      | XOM: summons 1 hostile demon
  6120 | D:1      | Noticed a blink frog
  6120 | D:1      | a shapeshifter changed into a blink frog
  6120 | D:1      | XOM: summons 3 hostile shadow creatures
  6121 | D:1      | Noticed an ogre
  6129 | D:1      | XOM is BORED!
  6129 | D:1      | Noticed a spriggan
  6129 | D:1      | a blink frog changed into a spriggan
  6129 | D:1      | XOM: polymorph blink frog -> spriggan
  6132 | D:1      | Slain by a spriggan (shapeshifter)

Vault maps used:
D:1:      mrwooster_arrival_statue_3, glass_columns_b

Action                   || total
-------------------------++-------
Melee: Mace              ||   120
 Stab: Paralysed         ||     1
       Confused          ||     1
